 Dungeon Crawl Stone Soup version 0.19-a0-823-gd955774 (webtiles) character file.

27 Implojin the Chopper (level 2, 0/26 HPs)
             Began as a Minotaur Fighter on June 30, 2016.
             Slain by Pikel
             ... wielding a +1 whip of freezing
              (1 damage)
             ... on level 4 of the Dungeon.
             The game lasted 00:01:28 (208 turns).

Implojin the Chopper (Minotaur Fighter)              Turns: 208, Time: 00:01:29

Health: 0/26       AC:  6    Str: 22 (25) XL:     2   Next: 93%
Magic:  1/1        EV:  7    Int:  2 (5)  God:
Gold:   36         SH:  9    Dex:  6 (9)  Spells: 0 memorised, 1 level left

rFire  . . .     SeeInvis .     a - +0 war axe
rCold  . . .     Gourm    .     b - +0 scale mail
rNeg   . . .     Faith    .     c - +0 shield
rPois  .         Spirit   .     (helmet restricted)
rElec  .         Dismiss  .     (no cloak)
rCorr  .         Reflect  .     (no gloves)
SustAt .         Harm     .     (no boots)
MR     .....                    (no amulet)
Stlth  ..........               (no ring)
                                (no ring)

@: mighty, not resistant to hostile enchantments, extremely unstealthy
A: retaliatory headbutt, horns 2
a: no special abilities


You were on level 4 of the Dungeon.
You were not hungry.

You visited 1 branch of the dungeon, and saw 4 of its levels.

You collected 36 gold pieces.

Inventory:

Hand Weapons
 a - a +0 war axe (weapon)
Armour
 b - a +0 scale mail (worn)
 c - a +0 shield (worn)
 l - a cursed +0 pair of gloves
Scrolls
 h - a scroll of noise {unknown}
 j - a scroll of remove curse {unknown}
 k - a scroll of identify {unknown}
Potions
 e - a potion of degeneration
 i - a potion of curing
 m - a potion of haste {unknown}
Comestibles
 f - a bread ration
 g - a meat ration
 n - a chunk of flesh
 o - a slice of pizza


   Skills:
 - Level 3.6 Fighting
 * Level 4.2 Axes
 - Level 3.6 Armour
 - Level 3.6 Shields


You had one spell level left.
You didn't know any spells.

Dungeon Overview and Level Annotations

Branches:
Dungeon (4/15)
 Temple: D:4-7

Altars:
Kikubaaqudgha

Annotations:
D:4 Pikel


Innate Abilities, Weirdness & Mutations

You reflexively headbutt those who attack you in melee.
You have a pair of horns on your head.


Message History

The kobold shouts!
You completely miss the kobold. The kobold hits you but does no damage.
You slash the kobold!
You kill the kobold!
Things that are here:
a dagger; a kobold corpse
There is a stone staircase leading down here.
You climb downwards. 4 slaves and Pikel come into view.
Pikel is wielding a whip of freezing.
Pikel shouts!
The slave shouts! x4
The slave hits you.
* * * LOW HITPOINT WARNING * * *
You block the slave's attack.
There is a stone staircase leading up here.
Unknown command.
Unknown command.
You block the slave's attack. You block the slave's attack.
Found an emerald potion.
You feel very mighty all of a sudden.
You swing at nothing.
Pikel hits you with a whip of freezing.
* * * LOW HITPOINT WARNING * * *
Pikel freezes you.
* * * LOW HITPOINT WARNING * * *
Unknown command.
You barely miss Pikel. Pikel closely misses you.
You hit Pikel.
Pikel is lightly wounded.
You block Pikel's attack.
You barely miss Pikel. You headbutt Pikel, but do no damage.
Pikel is lightly wounded.
Pikel hits you but does no damage. Pikel closely misses you.
You furiously retaliate!
You headbutt Pikel! You completely miss Pikel.
Pikel is heavily wounded.
Pikel hits you with a whip of freezing.
* * * LOW HITPOINT WARNING * * *
Pikel freezes you.
You die...

... ..#
#.# ...
#.# ##.#
#.##.....
#..!....#
#@# ###K#
#.pp#
###p###
#...<.#
#.....#
#.....#
#.....#
#.....#


You could see Pikel and 3 slaves.

Vanquished Creatures
  An adder (D:2)
  A worm (D:3)
  A giant gecko (D:2)
  2 orcs (D:3)
  A giant cockroach (D:2)
  2 goblins (D:2)
  A hobgoblin (D:2)
  A kobold (D:3)
  2 bats (D:1)
12 creatures vanquished.

Notes
Turn   | Place    | Note
--------------------------------------------------------------
     0 | D:1      | Implojin the Minotaur Fighter began the quest for the Orb.
     0 | D:1      | Reached XP level 1. HP: 19/19 MP: 0/0
    32 | D:2      | Found an ancient bone altar of Kikubaaqudgha.
    86 | D:2      | Reached skill level 3 in Axes
   103 | D:2      | Reached XP level 2. HP: 16/26 MP: 1/1
   123 | D:3      | Reached skill level 4 in Axes
   197 | D:4      | Noticed Pikel
   197 | D:4      | Noticed a slave
   197 | D:4      | Noticed a slave
   197 | D:4      | Noticed a slave
   197 | D:4      | Noticed a slave
   204 | D:4      | HP: 1/26 [Pikel/whip of freezing (1)]
   208 | D:4      | Slain by Pikel

Vault maps used:
D:1:      lightli_arrival_boilingwater
D:2:      grunt_temple_overflow_open, overflow_temple_1_default, tso_altar,
          uniq_crazy_yiuf_cottage
D:3:      uniq_natasha
D:4:      serial_shops, nicolae_shop_stone, shop_statue,
          nicolae_shop_statue_plus, kennysheep_another_room, uniq_pikel

Skill      XL: |  1  2 |
---------------+-------+-----
Axes           | 3 4 |  4.2
Fighting       | |  3.6
Armour         | |  3.6
Shields        | |  3.6

Action                   || total
-------------------------++-------
Melee: War axe           ||    36
       Headbutt          ||     1
  Use: Potion            ||     3
Armor: Scale mail        ||    22
Dodge: Dodged            ||    18
Block: Shield            ||    24

Table legend:
 A = Turns spent in this place as a percentage of turns spent in the entire game.
 B = Non-inter-level travel turns spent in this place as a percentage of non-inter-level travel turns spent in the entire game.
 C = Inter-level travel turns spent in this place as a percentage of turns spent in this place.
 D = Turns resting spent in this place as a percentage of non-inter-level travel turns spent in this place.
 E = Turns spent auto-exploring this place as a percentage of non-inter-level travel turns spent in this place.
 F = Non-inter-level travel turns spent in this place divided by the number of levels of this place that you've seen.
                   A       B       C       D       E      F
               +-------+-------+-------+-------+-------+----------------------
         Total | 100.0 | 100.0 |   0.0 |   0.0 |   0.0 |  52.5
       Dungeon | 100.0 | 100.0 |   0.0 |   0.0 |   0.0 |  52.5
               +-------+-------+-------+-------+-------+----------------------

Table legend:
 A = Kills in this place as a percentage of kills in entire the game.
 B = Kills by you in this place as a percentage of kills by you in the entire game.
 C = Kills by friends in this place as a percentage of kills by friends in the entire game.
 D = Other kills in this place as a percentage of other kills in the entire game.
 E = Experience gained in this place as a percentage of experience gained in the entire game.
 F = Experience gained in this place divided by the number of levels of this place that you have seen.
                   A       B       C       D       E      F
               +-------+-------+-------+-------+-------+----------------------
         Total | 100.0 | 100.0 |  -nan |  -nan | 100.0 |   9.8
       Dungeon | 100.0 | 100.0 |  -nan |  -nan | 100.0 |   9.8
               +-------+-------+-------+-------+-------+----------------------
